 Dungeon Crawl Stone Soup version 0.17.0-28-g6e173f8 (webtiles) character file.

10314 Peloso the Protected (level 11, -1/98 (99) HPs)
             Began as a Minotaur Fighter on Nov 27, 2015.
             Was a Priest of Okawaru.
             Slain by a yak (10 damage)
             ... on level 11 of the Dungeon.
             The game lasted 00:40:30 (12536 turns).

Peloso the Protected (Minotaur Fighter)            Turns: 12536, Time: 00:40:30

HP:   -1/98 (99)    AC: 27    Str: 23    XL:     11   Next: 34%
MP:   10/10         EV:  9    Int:  5    God:    Okawaru [***...]
Gold: 514           SH:  0    Dex: 11    Spells: 0 memorised, 10 levels left

rFire  . . .     SeeInvis .     G - +2 long sword "Donug" {slice, rPois}
rCold  . . .     Clarity  .     x - +0 plate armour
rNeg   . . .     SustAt   .     (no shield)
rPois  +         Gourm    .     (helmet restricted)
rElec  .         Spirit   .     n - +1 cloak
rCorr  .         Warding  .     g - +0 pair of gloves {archery}
rMut   .         Stasis   +     (no boots)
MR     .....                    r - amulet of stasis
Stlth  ..........               s - +3 ring of protection
                                m - +5 ring of protection

@: invisible, not resistant to hostile enchantments, extremely unstealthy
A: retaliatory headbutt, horns 2
a: Heroism, Renounce Religion


You were on level 11 of the Dungeon.
You worshipped Okawaru.
Okawaru was most pleased with you.
You were near starving.

You visited 3 branches of the dungeon, and saw 13 of its levels.

You collected 514 gold pieces.

Inventory:

Hand Weapons
 a - a +1 long sword
 f - a +2 spear of flaming
 v - a +3 falchion
 A - the +6 great mace of the Feather {speed, +Fly rF+ rN+}
   (You took it off an orc on level 10 of the Dungeon)

   Attacks with this weapon are significantly faster.
   It protects you from fire.
   It protects you from negative energy.
   It lets you fly.
 D - a +0 falchion of venom
 G - the +2 long sword "Donug" (weapon) {slice, rPois}
   (You found it on level 10 of the Dungeon)

   It inflicts extra damage upon your enemies.
   It protects you from poison.
Armour
 b - a +0 scale mail
 c - a +0 shield
 g - a +0 pair of gloves of archery (worn)
 k - a +0 chain mail
 n - a +1 cloak (worn)
 o - a +2 chain mail of cold resistance
 t - a +1 cloak
 x - a +0 plate armour (worn)
Jewellery
 m - a +5 ring of protection (left hand)
 r - an amulet of stasis (around neck)
 s - a +3 ring of protection (right hand)
 u - an uncursed ring of ice
Wands
 F - a wand of flame (16)
Scrolls
 h - 9 scrolls of identify
 i - 5 scrolls of enchant weapon
 p - a scroll of remove curse
 y - a scroll of teleportation
 z - a scroll of enchant armour
Potions
 d - 3 potions of might
 q - a potion of flight
 w - a potion of resistance
 C - 2 potions of agility
Comestibles
 e - 9 bread rations
 l - 8 slices of pizza
 B - 2 meat rations


   Skills:
 + Level 9.7 Fighting
 + Level 10.6 Long Blades
 + Level 0.5 Maces & Flails
 + Level 11.8 Armour
 + Level 4.6 Dodging
 + Level 1.3 Stealth
 + Level 11.0 Shields


You had 10 spell levels left.
You didn't know any spells.

Dungeon Overview and Level Annotations

Branches:
Dungeon (11/15)            Temple (1/1) D:5            Lair (0/8) D:8
    Orc (1/4) D:11

Altars:
Ashenzari
Cheibriados
Dithmenos
Elyvilon
Fedhas
Gozag
Kikubaaqudgha
Makhleb
Nemelex Xobeh
Okawaru
Qazlal
Ru
Sif Muna
Trog
Vehumet
Xom
Yredelemnul
Zin
The Shining One

Shops:
D:10 }   D:11 }


Innate Abilities, Weirdness & Mutations

You reflexively headbutt those who attack you in melee.
You have a pair of horns on your head.


Message History

The yak gores you but does no damage. x2
You climb downwards.
Welcome to the Orcish Mines!
A warg and 3 orcs come into view.
The warg howls!
The orc shouts!
The orc shouts!
You hear a shout!
You hear a shout! x2
Found 18 gold pieces.
There is a staircase back to the Dungeon here.
The yak gores you.
* * * LOW HITPOINT WARNING * * *
The yak gores you but does no damage. The orc hits you but does no damage.
The orc barely misses you.
You climb upwards.
Welcome back to the Dungeon!
The yak gores you but does no damage.
There is a staircase to the Orcish Mines here.
Drink which item? (? for menu, Esc to quit)
You fade into invisibility!
The yak gores you!
* * * LOW HITPOINT WARNING * * *
The yak gores you!
You die...

#.#(# #...........# #.#
..#.####...........# #.#
###................######.#
.......(................#.#
#######(#####...........#.#
#....# #...........#.#
#..#.# #...........#
#########.# #..Yoo......#
..(.......# #.(.@Yo#'###
....####### #....Y†[$..#
....# ######.(...# ....#
#.....##.#.o ....#
####.....'.. ....#
#..##.#.. ....# #..# #
....# ##.# ....# ..


You could see 3 yaks and 3 orcs.

Vanquished Creatures
  3 skeletal warriors
  Pikel (D:5)
  A troll (D:11)
  Grinder (D:5)
  7 yaks (D:11)
  A wraith (D:9)
  Sigmund (D:2)
  A wyvern (D:10)
  A hungry ghost (D:11)
  A human (D:7)
  A hippogriff (D:11)
  Menkaure (D:5)
  Edmund (D:5)
  2 water moccasins
  A slave (D:5)
  2 black bears
  A sky beast (D:9)
  4 orc warriors
  3 phantoms
  3 necrophages
  3 ice beasts (D:9)
  4 ogres
  8 centaurs
  3 big kobolds
  Blork the orc (D:9)
  4 giant frogs
  A gnoll sergeant (D:6)
  A scorpion (D:5)
  7 killer bees (D:11)
  A water moccasin skeleton (D:5)
  11 wights
  4 crimson imps
  3 hounds
  A jelly (D:11)
  A quasit (D:7)
  2 centaur zombies (D:9)
  Crazy Yiuf (D:3)
  5 orc priests
  A gnoll shaman (D:6)
  2 giant frog skeletons (D:10)
  6 orc wizards
  3 iguanas
  8 worker ants
  4 sheep (D:7)
  A hound zombie (D:7)
  3 hound skeletons
  16 adders
  14 gnolls
  2 shadow imps
  An ooze (D:1)
  2 adder skeletons
  3 worms (D:3)
  6 giant geckos
  31 orcs
  7 bats
  5 giant cockroaches
  8 goblins
  4 hobgoblins
  9 quokkas
  A ball python skeleton (D:3)
  4 giant newts
  5 jackals
  24 kobolds
  10 rats
  2 fungi
280 creatures vanquished.

Vanquished Creatures (others)
  2 slaves (D:5)
  A sky beast (D:5)
  A hound (D:5)
  An adder skeleton (D:5)
  A giant gecko zombie (D:5)
6 creatures vanquished.

Grand Total: 286 creatures vanquished

Notes
Turn   | Place    | Note
--------------------------------------------------------------
     0 | D:1      | Peloso the Minotaur Fighter began the quest for the Orb.
     0 | D:1      | Reached XP level 1. HP: 19/19 MP: 0/0
   150 | D:1      | Reached XP level 2. HP: 27/27 MP: 1/1
   167 | D:1      | Reached skill level 4 in Shields
   767 | D:1      | Reached XP level 3. HP: 33/33 MP: 2/2
  1047 | D:2      | Noticed Sigmund
  1061 | D:2      | Killed Sigmund
  1061 | D:2      | Reached skill level 1 in Dodging
  1061 | D:2      | Reached skill level 5 in Shields
  1061 | D:2      | Reached XP level 4. HP: 23/40 MP: 3/3
  1061 | D:2      | Reached XP level 5. HP: 26/46 MP: 4/4
  1118 | D:2      | Reached skill level 5 in Armour
  1480 | D:3      | Noticed an ogre
  1512 | D:3      | Killed an ogre
  1512 | D:3      | Reached XP level 6. HP: 48/53 MP: 5/5
  1672 | D:3      | Noticed a centaur
  1693 | D:3      | Killed a centaur
  2108 | D:3      | Noticed Crazy Yiuf
  2111 | D:3      | Paralysed by Crazy Yiuf for 6 turns
  2121 | D:3      | Killed Crazy Yiuf
  2255 | D:3      | Reached XP level 7. HP: 56/60 MP: 6/6
  2423 | D:4      | Reached skill level 6 in Shields
  2581 | D:4      | Found a stormy altar of Qazlal.
  2584 | D:4      | Noticed a water elemental
  2584 | D:4      | Noticed a fire elemental
  2584 | D:4      | Noticed an air elemental
  2620 | D:4      | Reached skill level 5 in Long Blades
  2727 | D:4      | Reached skill level 5 in Fighting
  2931 | D:5      | Entered Level 5 of the Dungeon
  2982 | D:5      | Noticed Edmund
  3002 | D:5      | Killed Edmund
  3002 | D:5      | Reached skill level 7 in Shields
  3002 | D:5      | Reached XP level 8. HP: 44/68 MP: 7/7
  3154 | D:5      | Noticed Menkaure
  3156 | D:5      | Noticed Grinder
  3161 | D:5      | Killed Menkaure
  3163 | D:5      | Paralysed by Grinder for 3 turns
  3172 | D:5      | HP: 2/69 [Grinder/nerve-wracking pain (6)]
  3180 | D:5      | Killed Grinder
  3338 | D:5      | Noticed Pikel
  3358 | D:5      | Killed Pikel
  3358 | D:5      | Reached skill level 8 in Shields
  3358 | D:5      | Reached XP level 9. HP: 26/78 MP: 8/8
  3645 | D:5      | Found a staircase to the Ecumenical Temple.
  3694 | Temple   | Entered the Ecumenical Temple
  3820 | D:5      | Found a glowing silver altar of Zin.
  4205 | D:6      | Found a basalt altar of Yredelemnul.
  5173 | D:6      | Identified a scroll of acquirement
  5497 | D:7      | Reached skill level 9 in Shields
  5689 | D:7      | Found a snail-covered altar of Cheibriados.
  6277 | D:8      | Found a sparkling altar of Nemelex Xobeh.
  6462 | D:8      | Found an opulent altar of Gozag.
  6595 | D:8      | Found a staircase to the Lair.
  6919 | D:9      | Reached XP level 10. HP: 85/87 MP: 9/9
  7152 | D:9      | Reached skill level 10 in Shields
  7372 | D:9      | Found a white marble altar of Elyvilon.
  7492 | D:9      | Found an iron altar of Okawaru.
  7503 | D:9      | Became a worshipper of Warmaster Okawaru
  7543 | D:9      | Found a basalt altar of Yredelemnul.
  7569 | D:9      | Reached skill level 1 in Stealth
  7608 | D:9      | Found a blossoming altar of Fedhas.
  7706 | D:9      | Noticed Blork the orc
  7713 | D:9      | Found a deep blue altar of Sif Muna.
  7719 | D:9      | Killed Blork the orc
  7989 | D:10     | Entered Level 10 of the Dungeon
  8431 | D:9      | Reached * piety under Okawaru
  8636 | D:10     | Got a slimy great mace {speed}
  8661 | D:9      | Identified the +6 great mace of the Feather {speed, +Fly rF+ rN+} (You took it off an orc on level 10 of the Dungeon)
  8671 | D:10     | Found Miwirph's Gadget Emporium.
  9362 | D:10     | Reached skill level 11 in Shields
  9899 | D:10     | Reached skill level 10 in Armour
 10063 | D:11     | Found Siypeann's Gadget Shop.
 10329 | D:11     | Reached ** piety under Okawaru
 10338 | D:11     | Reached skill level 10 in Long Blades
 10415 | D:11     | Noticed a skeletal warrior
 10415 | D:11     | Noticed a skeletal warrior
 10416 | D:11     | Noticed a skeletal warrior
 10444 | D:11     | Reached XP level 11. HP: 57/96 MP: 10/10
 10467 | D:11     | Killed a skeletal warrior
 10467 | D:11     | Reached *** piety under Okawaru
 10477 | D:10     | HP: 2/96 [skeletal warrior/short sword (6)]
 10478 | D:10     | Killed a skeletal warrior
 10489 | D:10     | Got an ichor-stained long sword
 10490 | D:10     | Identified the +2 long sword "Donug" {slice, rPois} (You found it on level 10 of the Dungeon)
 10915 | D:10     | Killed a skeletal warrior
 12466 | D:11     | Found a staircase to the Orcish Mines.
 12533 | Orc:1    | Entered Level 1 of the Orcish Mines
 12536 | D:11     | Slain by a yak

Action                   |  1- 3 |  4- 6 |  7- 9 | 10-12 || total
-------------------------+-------+-------+-------+-------++-------
Melee: Long sword        |    63 |   119 |   522 |   127 ||   831
       Falchion          |       |       |       |   364 ||   364
       Great mace        |       |       |       |    22 ||    22
Invok: Heroism           |       |       |       |     5 ||     5
  Use: Scroll            |       |     4 |    14 |     4 ||    22
       Potion            |       |       |     4 |     3 ||     7
  Eat: Chunk             |       |     5 |    15 |     8 ||    28
       Meat ration       |       |       |       |     1 ||     1
       Beef jerky        |       |       |       |     4 ||     4
       Pizza             |       |       |       |     1 ||     1
